 Dungeon Crawl Stone Soup version 0.24.0-13-gcf9b319 (webtiles) character file.

Game seed: 13818274301380185945, levelgen mode: deterministic

1674 Fang the Skirmisher (level 9, -8/84 HPs)
             Began as a Gargoyle Berserker on Nov 20, 2019.
             Was an Elder of Trog.
             Killed by divine providence
             ... invoked by an orc priest
              (12 damage)
             ... on level 5 of the Dungeon.
             The game lasted 00:07:52 (4245 turns).

Fang the Skirmisher (Gargoyle Berserker)            Turns: 4245, Time: 00:07:53

Health: -8/84      AC: 16    Str: 30    XL:     9   Next: 1%
Magic:  0/9        EV: 11    Int:  7    God:    Trog [****..]
Gold:   288        SH:  0    Dex:  9    Spells: 8/8 levels left

rFire    . . .     SeeInvis .   a - +0 war axe
rCold    . . .     Gourm    .   (no shield)
rNeg     + . .     Faith    .   b - +0 chain mail
rPois    ∞         Spirit   +   (no helmet)
rElec    +         Reflect  .   (no cloak)
rCorr    .         Harm     .   (no gloves)
MR       ++...                  (no boots)
Stlth    ..........             o - amulet of guardian spirit
HPRegen  1.24/turn              (no ring)
MPRegen  0.11/turn              (no ring)

@: berserking (expiring), regenerating, very quick
A: negative energy resistance 1, electricity resistance, unbreathing,
petrification resistance, rot immunity, AC +6
a: Berserk, Trog's Hand, Brothers in Arms, Renounce Religion


You were on level 5 of the Dungeon.
You worshipped Trog.
Trog was greatly pleased with you.
You were very hungry.

You visited 2 branches of the dungeon, and saw 6 of its levels.

You collected 288 gold pieces.

Inventory:

Hand Weapons
 a - a +0 war axe (weapon)
Armour
 b - a +0 chain mail (worn)
Jewellery
 o - an amulet of guardian spirit (around neck)
Wands
 q - a wand of random effects (11)
Scrolls
 d - 7 scrolls of remove curse {unknown}
 f - 3 scrolls of amnesia {unknown}
 g - 4 scrolls of identify {unknown}
 i - 3 scrolls of teleportation {unknown}
 p - a scroll of magic mapping {unknown}
Potions
 e - a potion of degeneration {unknown}
 h - 3 potions of lignification {unknown}
 j - a potion of flight {unknown}
 k - a potion of curing
 l - 2 potions of ambrosia {unknown}
 m - a potion of magic {unknown}
 n - 2 potions of heal wounds {unknown}
Comestibles
 c - 3 rations
 r - 2 chunks of flesh


   Skills:
 + Level 6.9 Fighting
 + Level 5.8 Axes
 + Level 6.4 Armour
 + Level 4.8 Dodging


You had 8 spell levels left.
You didn't know any spells.
Your spell library was empty.

Dungeon Overview and Level Annotations

Branches:
Dungeon (5/15)             Temple (1/1) D:5

Altars:
Nemelex Xobeh
Ru
Vehumet
Xom
The Shining One

Shops:
D:5 ((

Annotations:
D:4 1 runed translucent door, AmerikanViking's ghost, amateur TrFi


Innate Abilities, Weirdness & Mutations

You are resistant to torment.
Your stone body is resilient. (AC +6)
You are immune to poison.
You resist negative energy. (rN+)
You are resistant to electric shocks. (rElec)
You can survive without breathing.
You are immune to petrification.
You are immune to rotting.


Message History

You hit the orc warrior but do no damage.
Your chain mail prevents you from hitting the orc.
You slash the orc!
You kill the orc!
Trog accepts your kill. The orc closely misses you.
The orc hits you but does no damage. The orc warrior closely misses you.
The orc warrior barely misses you.
You hit the orc warrior but do no damage.
The orc warrior is almost dead.
You slash the orc warrior! You slash the orc!
You kill the orc!
Trog accepts your kill.
You slash the orc!
You kill the orc!
Trog accepts your kill.
The orc throws a boomerang.
The boomerang misses you.
The weapon returns to the orc!
The orc priest calls down the wrath of Beogh upon you.
Beogh smites you!
You die...

##)#####....[<##..#
##.).#######.#......
#8...8##.....#......
##.....##.....#......
#.......#.....#......
#.8...8.#.....#......
#.......###.#........
#..)$)o.###.###......
#.8)@)8.##..# ###....
#oooo)..#..## #....(
#.o.oo..#.## #.....
#.8...8.#.# #..###
#.......#.## #..# #
#.......#..# #..#
#.......#..# #..#
#.......#..# #..#
#..#####..###


You could see 2 orc warriors, an orc priest and 5 orcs.

Vanquished Creatures
  Pikel (D:5)
  Grinder (D:5)
  4 slaves (D:5)
  An ice beast (D:5)
  An ogre (D:4)
  A centaur (D:5)
  3 scorpions
  A crimson imp (D:5)
  A bullfrog zombie (D:5)
  2 orc priests
  A hound (D:5)
  2 centaur skeletons
  Ijyb (D:5)
  4 orc wizards
  3 worker ants
  A hound zombie (D:5)
  4 adders
  3 shadow imps
  2 oozes (D:2)
  6 leopard geckos
  24 orcs
  A ball python (D:1)
  6 giant cockroaches
  12 goblins
  13 hobgoblins
  9 jackals
  6 quokkas
  9 bats
  7 frilled lizards
  3 kobolds
  A leopard gecko skeleton (D:4)
  8 rats
142 creatures vanquished.

Vanquished Creatures (others)
  A howler monkey (D:4)
  An orc wizard (D:4)
  A worker ant (D:4)
  An orc (D:4)
  A jackal (D:4)
5 creatures vanquished.

Grand Total: 147 creatures vanquished

Notes
Turn   | Place    | Note
-------+----------+-------------------------------------------
     0 | D:1      | Fang the Gargoyle Berserker began the quest for the Orb.
     0 | D:1      | Reached XP level 1. HP: 14/14 MP: 1/1
   179 | D:1      | Reached XP level 2. HP: 7/19 MP: 2/2
   745 | D:1      | Reached XP level 3. HP: 19/23 MP: 3/3
   931 | D:2      | Reached ** piety under Trog
  1073 | D:2      | Found a glowing golden altar of the Shining One.
  1096 | D:2      | Reached XP level 4. HP: 17/29 MP: 4/4
  1464 | D:2      | Found a radiant altar of Vehumet.
  1474 | D:2      | Found a sacrificial altar of Ru.
  1767 | D:3      | Reached XP level 5. HP: 31/33 MP: 5/5
  2200 | D:3      | Reached *** piety under Trog
  2531 | D:4      | Found a runed translucent door.
  2532 | D:4      | Noticed AmerikanViking's ghost (amateur TrFi)
  2590 | D:4      | Reached XP level 6. HP: 22/39 MP: 6/6
  2833 | D:4      | Found a shimmering altar of Xom.
  3013 | D:4      | Found a sparkling altar of Nemelex Xobeh.
  3030 | D:4      | Reached skill level 5 in Fighting
  3030 | D:4      | Reached XP level 7. HP: 39/44 MP: 7/7
  3476 | D:5      | Entered Level 5 of the Dungeon
  3476 | D:5      | Noticed Pikel
  3507 | D:5      | Killed Pikel
  3507 | D:5      | Reached skill level 5 in Axes
  3507 | D:5      | Reached skill level 5 in Armour
  3507 | D:5      | Reached XP level 8. HP: 16/51 MP: 6/8
  3819 | D:5      | Found Nyureakh's Weapon Shoppe.
  3822 | D:5      | Noticed Grinder
  3839 | D:5      | Paralysed by Grinder for 3 turns
  3846 | D:5      | Killed Grinder
  3956 | D:5      | Found a staircase to the Ecumenical Temple.
  3960 | D:5      | Noticed Ijyb
  3980 | D:5      | Killed Ijyb
  4024 | Temple   | Entered the Ecumenical Temple
  4081 | D:5      | Found Pipusix's Weapon Boutique.
  4157 | D:5      | Found a runed translucent door.
  4237 | D:5      | Reached **** piety under Trog
  4240 | D:5      | Reached XP level 9. HP: 32/56 MP: 2/9
  4243 | D:5      | HP: 3/84 [orc warrior/+0 halberd (14)]
  4245 | D:5      | Killed from afar by an orc priest

Levels and vault maps discovered:
D:1:      psy_arrival_conway, layout_loops_ring
D:2:      layout_rooms, nicolae_tso_carved_into_rock,
          grunt_temple_overflow_open, nicolae_overflow_hidden_temple,
          st_stairs_5
D:3:      layout_basic, first_ration
D:4:      layout_loops_ring, xom_confusion_cloud, ebering_ghost_reflecting_pool,
          nemelex_lonely_heart_becter
D:5:      layout_rooms, minmay_temple_entry_water_ring, serial_shops, shop,
          nicolae_shop_temple_entry_statues_fountains, lightli_church_of_beogh,
          uniq_ijyb, uniq_grinder, uniq_pikel
Temple:   nicolae_temple_figure_eight

Skill      XL: |  1  2  3  4  5  6  7  8 |
---------------+-------------------------+-----
Axes           | 3 4 5 |  5.8
Dodging        | 2 3 4 |  4.8
Armour         | 3 4 5 6 |  6.4
Fighting       | 4 5 6 |  6.9

Action                   |  1- 3 |  4- 6 |  7- 9 || total
-------------------------+-------+-------+-------++-------
Melee: Hand axe          |   108 |   201 |       ||   309
       War axe           |       |     8 |   144 ||   152
Invok: Berserk           |     1 |     2 |     4 ||     7
       Trog's Hand       |       |     2 |     1 ||     3
  Eat: Chunk             |     1 |     9 |     4 ||    14
       Ration            |       |       |     1 ||     1
Armor: Animal skin       |    49 |    74 |       ||   123
       Chain mail        |       |       |   136 ||   136
Dodge: Dodged            |    67 |   156 |   121 ||   344
